 Dungeon Crawl Stone Soup version 0.29-a0-40-g8eb35efe60 (webtiles) character file.

Game seed: 14046250610009303895

15477 HallandMoats the Fighter (level 12, 0/94 HPs)
             Began as a Demonspawn Fighter on Feb 1, 2022.
             Was an Elder of Vehumet.
             Killed from afar by Azrael (20 damage)
             ... with damnation
             ... on level 11 of the Dungeon.
             The game lasted 00:19:46 (16630 turns).

HallandMoats the Fighter (Demonspawn Fighter)      Turns: 16630, Time: 00:19:46

Health: 0/94       AC: 11    Str: 20    XL:     12   Next: 1%
Magic:  20/20      EV: 13    Int: 10    God:    Vehumet [****..]
Gold:   450        SH:  5    Dex: 14    Spells: 22/22 levels left

rFire   + . .      SeeInvis .   a - +5 demon blade (venom)
rCold   . . .      Faith    .   c - +0 buckler
rNeg    + . .      Spirit   .   f - +0 scale mail
rPois   +          Reflect  .   E - +0 helmet "Naotz" {rPois Stlth+}
rElec   .          Harm     .   (no cloak)
rCorr   +          Rampage  .   (no gloves)
Will    .....                   t - +1 pair of boots
Stlth   +.........              k - amulet of Linearity {RegenMP +Blink rF+ rN+}
HPRegen 0.25/turn               B - ring of resist corrosion
MPRegen 0.57/turn               (no ring)

@: hasted, very quick
A: claws 1, repulsion field 1, foul stench 1, icemail 1, condensation shield
a: Renounce Religion, Evoke Blink


You were on level 11 of the Dungeon.
You worshipped Vehumet.
Vehumet was greatly pleased with you.
You visited 1 branch of the dungeon, and saw 12 of its levels.

You collected 666 gold pieces.
You spent 216 gold pieces at shops.

Inventory:

Hand Weapons
 a - a +5 demon blade of venom (weapon)
 i - the +6 long sword "Douxkosm" {antimagic, +Blink rC- Int+2}
   (You found it on level 2 of the Dungeon)

   It reduces the magical energy of the wielder, and disrupts the spells and
   magical abilities of those it strikes.
   Natural abilities and divine invocations are not affected.
   Int:       It affects your intelligence (+2).
   rC:        It makes you vulnerable to cold.
   +Blink:    It lets you blink.
 r - a +1 spectral club
Missiles
 u - 2 throwing nets (quivered)
Armour
 c - a +0 buckler (worn)
 f - a +0 scale mail (worn)
 t - a +1 pair of boots (worn)
 E - the +0 helmet "Naotz" (worn) {rPois Stlth+}
   (You found it on level 10 of the Dungeon)

   rPois:     It protects you from poison.
   Stlth:     It makes you more stealthy.
Magical Staves
 b - a staff of cold
Jewellery
 k - the amulet of Linearity (around neck) {RegenMP +Blink rF+ rN+}
   (You acquired it on level 7 of the Dungeon)

   [amulet of magic regeneration]

   It increases your rate of magic regeneration.
   rF:        It protects you from fire.
   rN:        It protects you from negative energy.
   +Blink:    It lets you blink.
 p - a ring of wizardry
 B - a ring of resist corrosion (left claw)
 D - a ring of wizardry
 G - a ring of flight
 J - a +6 ring of intelligence
Wands
 q - a wand of flame (11)
 y - a wand of acid (10)
 C - a wand of polymorph (24)
 F - a wand of paralysis (17)
 L - a wand of iceblast (1)
 P - a wand of mindburst (5)
Scrolls
 g - 4 scrolls of identify
 h - a scroll of fog
 l - 2 scrolls of enchant armour
 m - 4 scrolls of immolation
 n - 3 scrolls of summoning
 s - 3 scrolls of amnesia
 I - a scroll of teleportation {unknown}
 K - a scroll of vulnerability
Potions
 d - 2 potions of might
 e - a potion of cancellation {unknown}
 j - 6 potions of curing
 o - a potion of resistance {unknown}
 v - a potion of lignification {unknown}
 w - 2 potions of ambrosia {unknown}
 x - 2 potions of haste
 z - a potion of berserk rage {unknown}
 A - 2 potions of brilliance {unknown}
 H - a potion of mutation {unknown}
 N - a potion of flight
 O - 2 potions of attraction {unknown}
 Q - a potion of invisibility {unknown}


   Skills:
 * Level 8.9 Fighting
 - Level 6.5 Long Blades
 * Level 3.6 Axes
 + Level 6.0 Armour
 + Level 5.1 Dodging
 - Level 4.5 Shields
 - Level 0.8 Unarmed Combat
 * Level 5.9 Spellcasting
 * Level 6.3 Conjurations
 * Level 0.9 Fire Magic
 + Level 5.7 Ice Magic
 + Level 8.6 Invocations


You had 22 spell levels left.
You didn't know any spells.
Your spell library contained the following spells:

 Spells                   Type           Power      Damage    Failure   Level
 Starburst                Conj/Fire      5%         6d4       99%         6
 Dazzling Flash           Conj/Hex       18%        N/A       16%         3
 Stone Arrow              Conj/Erth      18%        3d8       16%         3
 Sandblast                Erth           4%         2d4       19%         1
 Mephitic Cloud           Conj/Pois/Air  7%         N/A       22%         3
 Ignite Poison            Fire/Tmut/Pois 3%         N/A       41%         3
 Animate Skeleton         Necr           4%         N/A       58%         1
 Apportation              Tloc           4%         N/A       58%         1
 Summon Small Mammal      Summ           8%         N/A       58%         1
 Freezing Cloud           Conj/Ice/Air   5%         6-21      65%         5
 Blink                    Tloc           4%         N/A       73%         2
 Passwall                 Tmut/Erth      1%         N/A       73%         2
 Agony                    Necr           2%         N/A       100%        5
 Manifold Assault         Tloc           2%         N/A       100%        5
 Silence                  Hex/Air        1%         N/A       100%        5
 Storm Form               Tmut/Air       1%         N/A       100%        7


Dungeon Overview and Level Annotations

Branches:
Dungeon (12/15)            Temple (0/1) D:5            Lair (0/6) D:10
    Orc (0/2) D:9

Altars:
Ru
Vehumet
Xom

Shops:
D:9 [!:

Portals:
Abyss: D:11

Annotations:
D:9 1 runed translucent door, ragingrage's ghost, novice OgFE
D:11 2 transporters, Azrael; HuGe's ghost, journeyman MiBe


Innate Abilities, Weirdness & Mutations

You have sharp fingernails.
You are surrounded by a mild repulsion field. (EV +2)
You may rarely emit foul miasma when damaged in melee.
A meltable icy envelope protects you from harm. (AC +0)
A meltable shield of frost defends you. (SH +0)


Message History

Azrael hits you with a +4 scimitar of flaming!!
Azrael burns you.
You barely miss Azrael.
Azrael is moderately wounded.
The hell hound bites you!
* * * LOW HITPOINT WARNING * * *
Azrael closely misses you. The hell hound completely misses you.
Okay, then.
You feel much better.
The hell hound bites you but does no damage.
Azrael hits you but does no damage.
You slash the hell hound!
The hell hound looks as sick as possible!
The hell hound is heavily wounded.
The hell hound breathes flames at you. The blast of flame hits you. You resist.
The blast of flame hits Azrael.
Azrael completely resists.
You block the hell hound's attack.
Azrael hits you with a +4 scimitar of flaming!
Azrael burns you.
You barely miss the hell hound.
The hell hound is almost dead.
The hell hound closely misses you.
Azrael grins and asks, "Are you feeling hot?"
Azrael hits you with a +4 scimitar of flaming.
* * * LOW HITPOINT WARNING * * *
Azrael burns you.
* * * LOW HITPOINT WARNING * * *
You hit the hell hound.
The hell hound looks as sick as possible!
The hell hound is almost dead.
You kill the hell hound!
Vehumet accepts your kill.
Azrael hits you with a +4 scimitar of flaming.
* * * LOW HITPOINT WARNING * * *
Azrael burns you.
* * * LOW HITPOINT WARNING * * *
You feel yourself speed up. Azrael gestures at you.
The sphere of damnation explodes!
The damnation engulfs you!!
You die...

#.....................#
#.....................#
#.....................#
......#################
......# #..........#
......# #..........#
......# #..........#
<.....## ###...R##..#
'#.....# ##...@##..#
.#.....# #.....#...#
.#.....# #.....#...#
.#.....# #.....'...#
.#.....# #.....#...#
##.....############'###
......................#
......................#
......................#


You could see Azrael (very poisoned).

Vanquished Creatures
  6 two-headed ogres
  A deep troll (D:9)
  Pikel (D:6)
  A phantasmal warrior (D:10)
  2 unseen horrors
  A kobold demonologist (D:8)
  5 trolls
  Grinder (D:3)
  A hornet (D:5)
  A meliai zombie (D:11)
  A wraith (D:10)
  A shadow (D:10)
  A vampire (D:9)
  Eustachio (D:5)
  15 yaks
  A fire elemental (D:12)
  4 vampire mosquitoes (D:11)
  Menkaure (D:6)
  An acid dragon (D:11)
  Duvessa (D:6)
  A hell hound (D:11)
  3 ice beasts
  5 orc warriors
  2 necrophages
  5 centaurs
  4 ogres
  A lemure (D:6)
  A phantom (D:5)
  A kobold brigand (D:8)
  2 gnoll sergeants
  2 scorpions (D:4)
  Dowan (D:6)
  6 killer bees (D:8)
  3 wights (D:9)
  4 howler monkeys
  2 jellies (D:5)
  4 centaur zombies
  A gnoll shaman (D:7)
  4 hounds
  5 orc priests
  A centaur skeleton (D:7)
  A bullfrog skeleton (D:6)
  A scorpion zombie (D:5)
  An iguana (D:5)
  17 orc wizards
  Ijyb (D:3)
  A killer bee zombie (D:6)
  Robin (D:3)
  7 gnolls
  8 adders
  2 shadow imps (D:7)
  3 white imps
  An ufetubus (D:4)
  2 adder skeletons
  3 dart slugs
  41 orcs
  6 bats
  8 endoplasms
  5 giant cockroaches
  17 goblins
  8 hobgoblins
  3 jackals (D:3)
  6 kobolds
  4 quokkas
  14 ball pythons
  5 frilled lizards
  6 rats
277 creatures vanquished.

Vanquished Creatures (others)
  An orc (D:9)
  9 plants (D:10)
10 creatures vanquished.

Grand Total: 287 creatures vanquished

Notes
Turn   | Place    | Note
-------+----------+-------------------------------------------
     0 | D:1      | HallandMoats the Demonspawn Fighter began the quest for the
                  | Orb.
     0 | D:1      | Reached XP level 1. HP: 18/18 MP: 1/1
   221 | D:1      | Reached skill level 1 in Invocations
   221 | D:1      | Gained mutation: You have sharp fingernails. [demonic
                  | ancestry]
   221 | D:1      | Reached XP level 2. HP: 19/24 MP: 2/2
  1211 | D:2      | Found a faded altar of an unknown god.
  1232 | D:2      | Identified the +6 long sword "Douxkosm" {antimagic, +Blink
                  | rC- Int+2}
  1239 | D:2      | Prayed at the altar of an unknown god.
  1239 | D:2      | Became a worshipper of Vehumet
  1239 | D:2      | Reached * piety under Vehumet
  1239 | D:2      | Offered knowledge of Sandblast by Vehumet.
  1381 | D:2      | Gained mutation: A meltable shield of frost defends you.
                  | (SH +0) [demonic ancestry]
  1381 | D:2      | Reached XP level 3. HP: 25/29 MP: 1/4
  1382 | D:2      | Reached skill level 1 in Dodging
  1626 | D:2      | Reached XP level 4. HP: 32/35 MP: 5/5
  1725 | D:2      | Identified the +0 leather armour "Vutuj" {-Tele Harm rC+
                  | rN+}
  2016 | D:3      | Noticed Robin
  2040 | D:3      | Reached ** piety under Vehumet
  2040 | D:3      | Offered knowledge of Static Discharge by Vehumet.
  2044 | D:3      | Killed Robin
  2276 | D:3      | Reached skill level 1 in Long Blades
  2424 | D:3      | Gained mutation: A meltable icy envelope protects you from
                  | harm. (AC +0) [demonic ancestry]
  2424 | D:3      | Reached XP level 5. HP: 37/42 MP: 6/6
  2468 | D:3      | Noticed Ijyb
  2484 | D:3      | Killed Ijyb
  2674 | D:3      | Noticed Grinder
  2685 | D:3      | Killed Grinder
  2686 | D:3      | Reached XP level 6. HP: 31/49 MP: 8/8
  2995 | D:3      | Offered knowledge of Frozen Ramparts by Vehumet.
  3630 | D:4      | Reached *** piety under Vehumet
  3669 | D:4      | Gained mutation: You may rarely emit foul miasma when
                  | damaged in melee. [demonic ancestry]
  3669 | D:4      | Reached XP level 7. HP: 53/55 MP: 10/10
  4012 | D:4      | Identified the +0 leather armour "Byskenwi" {-Tele rC+
                  | Str+4 Int+4}
  4345 | D:5      | Entered Level 5 of the Dungeon
  4390 | D:5      | Offered knowledge of Hailstorm by Vehumet.
  4397 | D:5      | Reached skill level 5 in Fighting
  4517 | D:5      | Reached skill level 5 in Invocations
  4666 | D:5      | Noticed Eustachio
  4717 | D:5      | Killed Eustachio
  4718 | D:5      | Reached XP level 8. HP: 58/62 MP: 10/12
  4996 | D:5      | Found a staircase to the Ecumenical Temple.
  5192 | D:5      | Noticed a hornet
  5199 | D:5      | Paralysed by a hornet for 2 turns
  5204 | D:5      | Killed a hornet
  6022 | D:6      | Identified a scroll of acquirement
  6022 | D:6      | Acquired a staff of cold
  6061 | D:6      | Noticed Menkaure
  6070 | D:6      | Killed Menkaure
  6071 | D:6      | Reached skill level 1 in Spellcasting
  6071 | D:6      | Reached skill level 1 in Conjurations
  6071 | D:6      | Reached skill level 1 in Ice Magic
  6140 | D:6      | Reached **** piety under Vehumet
  6413 | D:6      | Noticed Pikel
  6466 | D:6      | Killed Pikel
  6467 | D:6      | Gained mutation: You are surrounded by a mild repulsion
                  | field. (EV +2) [demonic ancestry]
  6467 | D:6      | Reached XP level 9. HP: 28/69 MP: 13/13
  7326 | D:6      | Noticed Dowan
  7327 | D:6      | Noticed Duvessa
  7334 | D:6      | Killed Duvessa
  7346 | D:6      | Killed Dowan
  7729 | D:7      | Acquired the amulet of Linearity {RegenMP +Blink rF+ rN+}
  7797 | D:7      | Offered knowledge of Fireball by Vehumet.
  8016 | D:7      | Found a sacrificial altar of Ru.
  8046 | D:7      | Reached skill level 5 in Long Blades
  9422 | D:8      | Noticed a kobold demonologist
  9424 | D:8      | Noticed an ice devil
  9429 | D:8      | Noticed an orange demon
  9434 | D:8      | Noticed a rust devil
  9434 | D:8      | Killed a kobold demonologist
  9435 | D:8      | Reached XP level 10. HP: 71/79 MP: 15/15
  9463 | D:8      | Noticed a two-headed ogre
  9477 | D:8      | Killed a two-headed ogre
 10166 | D:9      | Found a runed translucent door.
 10167 | D:9      | Found a shimmering altar of Xom.
 10167 | D:9      | Noticed ragingrage's ghost (novice OgFE)
 10168 | D:9      | Noticed a +2 scimitar of chaos
 10210 | D:9      | Reached skill level 5 in Armour
 10233 | D:9      | Reached ***** piety under Vehumet
 10236 | D:9      | Offered knowledge of Starburst by Vehumet.
 10411 | D:9      | Found a staircase to the Orcish Mines.
 10721 | D:9      | Found Upoll's Armour Shop.
 10948 | D:9      | Found Jozawe's Distillery.
 11195 | D:9      | Bought a potion of heal wounds for 60 gold pieces
 11195 | D:9      | Bought a potion of haste for 120 gold pieces
 11195 | D:9      | Bought a potion of flight for 36 gold pieces
 11229 | D:9      | Found Leqits's Book Emporium.
 11386 | D:9      | Noticed a two-headed ogre
 11405 | D:9      | Killed a two-headed ogre
 11992 | D:10     | Entered Level 10 of the Dungeon
 12017 | D:10     | Noticed a two-headed ogre
 12030 | D:10     | Killed a two-headed ogre
 12264 | D:10     | Noticed a two-headed ogre
 12276 | D:10     | Killed a two-headed ogre
 12277 | D:10     | Reached skill level 5 in Conjurations
 12277 | D:10     | Reached XP level 11. HP: 52/86 MP: 16/18
 13025 | D:10     | Noticed a deep troll
 13671 | D:9      | Killed a deep troll
 13945 | D:10     | Noticed a phantasmal warrior
 13950 | D:10     | Reached skill level 5 in Spellcasting
 13961 | D:10     | Killed a phantasmal warrior
 13962 | D:10     | Reached skill level 5 in Ice Magic
 14224 | D:10     | Found a sacrificial altar of Ru.
 14484 | D:10     | Identified the +0 helmet "Naotz" {rPois Stlth+}
 14539 | D:10     | Found a staircase to the Lair.
 14558 | D:10     | Noticed a two-headed ogre
 14567 | D:10     | Killed a two-headed ogre
 14803 | D:11     | Reached skill level 5 in Dodging
 15044 | D:11     | Noticed a two-headed ogre
 15055 | D:11     | Killed a two-headed ogre
 15632 | D:11     | Found a transporter.
 15643 | D:11     | Noticed a skeletal warrior
 15703 | D:11     | Identified the +1 chain mail of Leapfrog {rC++ Will-}
 15769 | D:11     | Found a transporter.
 15776 | D:11     | Noticed a rakshasa
 15786 | D:11     | Found a one-way gate to the infinite horrors of the Abyss.
 15786 | D:11     | Noticed HuGe's ghost (journeyman MiBe)
 16550 | D:12     | Reached XP level 12. HP: 81/94 MP: 20/20
 16607 | D:12     | Noticed Azrael
 16630 | D:11     | Killed from afar by Azrael

Illustrated notes

Levels and vault maps discovered:
D:1:      evilmike_arrival_plus, layout_loops_ring
D:2:      minmay_evil_eye, layout_basic,
          shapermc_ecumenical_altar_starsandcircs, kennysheep_cross_room
D:3:      layout_loops_cross, uniq_ijyb, uniq_robin, uniq_grinder
D:4:      layout_loops_corners, grunt_ministairs_5
D:5:      layout_loops_ring, temple_green, minmay_puff, uniq_eustachio
D:6:      layout_layer_cave, uniq_duvessa, uniq_menkaure, uniq_pikel
D:7:      layout_loops_ring, kennysheep_little_box
D:8:      layout_loops_corners
D:9:      layout_irregular_city, erik_orc_3, serial_shops,
          nicolae_take_the_stairs, kennysheep_mini_moat, shop,
          ebering_ghost_xom, minmay_misc_feat_room,
          chequers_serial_rivers_micro_d
D:10:     minmay_the_grid_plus [minmay_the_grid_odd_star,
          minmay_the_grid_garden, minmay_the_grid_minigrid_medium,
          minmay_the_grid_square_x, minmay_the_grid_prize_diamond_cup],
          layout_basic, kennysheep_flooded_box, hive_lemuel
D:11:     layout_gridville, gammafunk_ghost_abyssal_escape,
          roderic_serpentine_path
D:12:     layout_rooms, serial_co_window_serial, co_window_paths_a,
          co_window_paths_b, co_window_paths_a, co_window_of_opportunity_a,
          co_window_of_opportunity_a, co_window_paths_c, co_window_2corner,
          co_window_broadway_a, co_window_broadway_c, co_window_broadway_b,
          co_window_4corner_a, glass_columns_c, glass_columns_a,
          glass_columns_a, uniq_snorg, uniq_azrael

Skill      XL: |  1  2  3  4  5  6  7  8  9 10 11 |
---------------+----------------------------------+-----
Axes           | 2 3 |  3.6
Invocations    | 1 2 3 4 5 6 7 8 |  8.6
Dodging        | 1 2 3 4 5 |  5.1
Armour         | 3 4 5 6 |  6.0
Long Blades    | 1 2 3 4 5 6 |  6.5
Shields        | 3 4 |  4.5
Fighting       | 4 5 6 7 8 |  8.9
Spellcasting   | 1 3 4 5 |  5.9
Conjurations   | 2 3 5 6 |  6.3
Ice Magic      | 1 3 4 5 |  5.7
Unarmed Combat | |  0.8
Fire Magic     | |  0.9

Action                   |  1- 3 |  4- 6 |  7- 9 | 10-12 || total
-------------------------+-------+-------+-------+-------++-------
Melee: War axe           |    42 |       |       |       ||    42
       Unarmed           |    45 |       |       |       ||    45
       Long sword        |     6 |       |       |       ||     6
       Demon blade       |    14 |   161 |   383 |   382 ||   940
 Abil: Evoke Blink       |       |       |       |     1 ||     1
Evoke: Wand              |       |       |       |     6 ||     6
  Use: Scroll            |       |       |    10 |     5 ||    15
       Potion            |       |       |       |     5 ||     5
Armor: Scale mail        |    55 |    64 |   167 |   182 ||   468
Dodge: Dodged            |    43 |    45 |   171 |   245 ||   504
Block: Buckler           |    22 |    81 |   146 |   154 ||   403

Table legend: (Time is in decaauts)
 A = Elapsed time spent in this place.
 B = Non-inter-level travel time spent in this place.
 C = Inter-level travel time spent in this place.
 D = Time resting spent in this place.
 E = Time spent auto-exploring this place.
 F = Levels seen in this place.
 G = Mean time per level.
                   A        B        C        D        E       F      G
               +--------+--------+--------+--------+--------+-----+--------+
         Total |  16763 |  16431 |    332 |   2254 |  11715 |  12 | 1396.9 |
       Dungeon |  16763 |  16431 |    332 |   2254 |  11715 |  12 | 1396.9 |
               +--------+--------+--------+--------+--------+-----+--------+

Top non-repeatable levels by time:
     D:9: 2764 daAuts
     D:8: 1771 daAuts
     D:6: 1722 daAuts
     D:5: 1691 daAuts
    D:11: 1680 daAuts
    D:10: 1562 daAuts
     D:3: 1417 daAuts
     D:1: 1227 daAuts
     D:4: 1011 daAuts
     D:7: 962 daAuts
     D:2: 769 daAuts
    D:12: 182 daAuts
